 Dungeon Crawl Stone Soup version 0.21.1-1-g345015f (webtiles) character file.

124 doot the Slasher (level 4, -3/34 HPs)
             Began as a Vampire Gladiator on June 11, 2018.
             Slain by Crazy Yiuf
             ... wielding a +3 quarterstaff of chaos
              (4 damage)
             ... on level 3 of the Dungeon.
             The game lasted 00:05:07 (2625 turns).

doot the Slasher (Vampire Gladiator)                Turns: 2625, Time: 00:05:08

Health: -3/34      AC:  4    Str: 13    XL:     4   Next: 81%
Magic:  4/4        EV: 14    Int: 11    God:
Gold:   99         SH:  0    Dex: 15    Spells: 3/3 levels left

rFire    . . .     SeeInvis +   a - +0 long sword
rCold    + . .     Gourm    .   (no shield)
rNeg     + + .     Faith    .   b - +0 leather armour
rPois    +         Spirit   .   c - +0 helmet
rElec    .         Reflect  .   (no cloak)
rCorr    .         Harm     .   (no gloves)
MR       .....                  (no boots)
Stlth    ++........             (no amulet)
HPRegen  0.05/turn              (no ring)
MPRegen  0.09/turn              (no ring)

@: regenerating slowly
A: fangs 3, see invisible, unbreathing
a: Bat Form


You were on level 3 of the Dungeon.
You were thirsty.

You visited 1 branch of the dungeon, and saw 3 of its levels.

You collected 99 gold pieces.

Inventory:

Hand Weapons
 a - a +0 long sword (weapon)
Missiles
 d - 3 throwing nets (quivered)
Armour
 b - a +0 leather armour (worn)
 c - a +0 helmet (worn)
Scrolls
 f - 3 scrolls of teleportation {unknown}
 j - a scroll of blinking {unknown}
 k - a scroll of magic mapping {unknown}
 l - a scroll of remove curse {unknown}
Potions
 e - 6 potions of blood
 g - a potion of might {unknown}
 h - 2 potions of flight {unknown}
 i - a potion of brilliance {unknown}
 m - a potion of agility {unknown}
 n - 2 potions of curing {unknown}
 o - a potion of mutation {unknown}
 p - 2 potions of magic {unknown}


   Skills:
 + Level 2.6 Fighting
 + Level 4.2 Long Blades
 + Level 1.7 Throwing
 + Level 0.9 Armour
 + Level 4.0 Dodging
 + Level 0.6 Stealth


You had 3 spell levels left.
You didn't know any spells.

Dungeon Overview and Level Annotations

Branches:
Dungeon (3/15)

Altars:
Okawaru

Annotations:
D:3 Crazy Yiuf


Innate Abilities, Weirdness & Mutations

You heal slowly.
You have razor-sharp teeth.
You have supernaturally acute eyesight. (SInv)
You can survive without breathing.


Message History

Crazy Yiuf hits you with a quarterstaff of chaos.
You hit Crazy Yiuf but do no damage. Your bite misses Crazy Yiuf.
Crazy Yiuf is severely wounded.
Crazy Yiuf barely misses you.
You hit Crazy Yiuf but do no damage.
Crazy Yiuf is severely wounded.
Crazy Yiuf completely misses you.
You hit Crazy Yiuf but do no damage. Your bite misses Crazy Yiuf.
Crazy Yiuf is severely wounded.
Crazy Yiuf laughs, "Defame!
Tonal alas illywillydillykilly."
Crazy Yiuf hits you with a quarterstaff of chaos.
Crazy Yiuf burns you.
You completely miss Crazy Yiuf. You bite Crazy Yiuf, but do no damage.
Crazy Yiuf is severely wounded.
Crazy Yiuf hits you with a quarterstaff of chaos!
* * * LOW HITPOINT WARNING * * *
Crazy Yiuf burns you.
* * * LOW HITPOINT WARNING * * *
Crazy Yiuf hits you with a quarterstaff of chaos.
You die...

###♣♣♣♣♣
##....♣.♣♣♣#####
####......♣..♣#...#
[........♣♣♣♣.'.@g#
........♣♣ ♣♣#..)#
.....##♣♣ #####
....## ....#
#.###################
#......##........##.#
#####..##........##.#
..[...............#.#


You could see Crazy Yiuf.

Vanquished Creatures
  3 adders
  4 gnolls
  An ooze (D:2)
  A worm (D:2)
  3 dart slugs (D:2)
  A leopard gecko (D:2)
  7 bats
  2 giant cockroaches
  6 goblins
  4 hobgoblins
  2 jackals (D:2)
  4 kobolds
  A quokka (D:2)
  3 frilled lizards
  3 rats
45 creatures vanquished.

Notes
Turn   | Place    | Note
-------+----------+-------------------------------------------
     0 | D:1      | doot the Vampire Gladiator began the quest for the Orb.
     0 | D:1      | Reached XP level 1. HP: 16/16 MP: 1/1
   251 | D:1      | Reached XP level 2. HP: 22/22 MP: 2/2
  1061 | D:2      | Reached XP level 3. HP: 27/27 MP: 3/3
  1080 | D:2      | Found an iron altar of Okawaru.
  1192 | D:2      | Reached XP level 4. HP: 6/33 MP: 4/4
  2007 | D:2      | Found a faded altar of an unknown god.
  2571 | D:3      | Found a runed door.
  2611 | D:3      | Noticed Crazy Yiuf
  2625 | D:3      | HP: 1/34 [Crazy Yiuf/quarterstaff of chaos (3)]
  2625 | D:3      | Slain by Crazy Yiuf

Skill      XL: |  1  2  3  4 |
---------------+-------------+-----
Fighting       | 2 |  2.6
Dodging        | 4 |  4.0
Long Blades    | 4 |  4.2
Throwing       | |  1.7
Armour         | |  0.9
Stealth        | |  0.6

Action                   |  1- 3 |  4- 6 || total
-------------------------+-------+-------++-------
Melee: Long sword        |    96 |    51 ||   147
       Bite              |    15 |     7 ||    22
  Use: Potion            |       |     3 ||     3
 Stab: Sleeping          |     2 |     1 ||     3
Armor: Leather armour    |    33 |     2 ||    35
Dodge: Dodged            |    84 |    37 ||   121
       Rpst.: Long sword |    30 |    13 ||    43
